 Dungeon Crawl Stone Soup version 0.21-a0-498-g1b60429 (webtiles) character file.

2643 DogShitOnMyToe the Cleaver (level 9, -3/69 (70) HPs)
             Began as a Minotaur Fighter on Nov 24, 2017.
             Was a Follower of Qazlal.
             Slain by a two-headed ogre
             ... wielding a +0 giant club
              (13 damage)
             ... on level 9 of the Dungeon.
             The game lasted 00:14:30 (7831 turns).

DogShitOnMyToe the Cleaver (Minotaur Fighter)       Turns: 7831, Time: 00:14:31

HP:   -3/69 (70)    AC:  9    Str: 16    XL:     9   Next: 35%
MP:   2/2           EV:  9    Int:  5    God:    Qazlal [*.....]
Gold: 190           SH:  6    Dex: 16    Spells: 8/8 levels left

rFire    + + .     SeeInvis .   H - +4 war axe of the Spinneret {antimagic, rF++ rC+ Str-5 Dex+3}
rCold    + . .     Gourm    .   x - +0 buckler {AC+3}
rNeg     . . .     Faith    .   b - +0 scale mail
rPois    .         Spirit   .   (helmet restricted)
rElec    .         Reflect  .   (no cloak)
rCorr    .         Harm     .   (no gloves)
MR       .....                  (no boots)
Stlth    ..........             (no amulet)
HPRegen  0.21/turn              (no ring)
MPRegen  0.08/turn              (no ring)

@: no status effects
A: retaliatory headbutt, horns 2
a: Renounce Religion


You were on level 9 of the Dungeon.
You worshipped Qazlal.
Qazlal was aware of your devotion.
You were not hungry.

You visited 2 branches of the dungeon, and saw 10 of its levels.

You collected 385 gold pieces.
You spent 195 gold pieces at shops.

Inventory:

Hand Weapons
 a - a +0 war axe
 H - the +4 war axe of the Spinneret (weapon) {antimagic, rF++ rC+ Str-5 Dex+3}
   (You bought it in a shop on level 7 of the Dungeon)

   It reduces the magical energy of the wielder, and disrupts the spells and
   magical abilities of those hit.
   Natural abilities and divine invocations are not affected.
   It affects your strength (-5).
   It affects your dexterity (+3).
   It greatly protects you from fire.
   It protects you from cold.
Missiles
 o - 332 stones
 q - 6 tomahawks (quivered)
 J - 4 throwing nets
Armour
 b - a +0 scale mail (worn)
 c - a +0 shield
 h - a +0 hat
 s - a +0 pair of gloves
 x - a +0 buckler of protection (worn)
 F - a +0 pair of gloves
Jewellery
 A - an uncursed ring of flight {unknown}
 G - an uncursed ring of fire {unknown}
Wands
 E - a wand of digging (15)
 I - a wand of disintegration (8)
 N - a wand of polymorph (3)
Scrolls
 e - 4 scrolls of teleportation {unknown}
 g - 3 scrolls of amnesia {unknown}
 j - 2 scrolls of enchant weapon {unknown}
 l - 6 scrolls of identify {unknown}
 n - a scroll of remove curse {unknown}
 p - a scroll of random uselessness {unknown}
 r - a scroll of magic mapping {unknown}
 v - 3 scrolls of blinking {unknown}
 y - 2 scrolls of immolation {unknown}
 K - a scroll of fog {unknown}
 L - a scroll of vulnerability {unknown}
 M - a scroll of enchant armour {unknown}
Potions
 d - 2 potions of might
 i - 2 potions of magic
 m - 2 potions of agility {unknown}
 t - a potion of curing {unknown}
 u - 2 potions of heal wounds
 z - 2 potions of ambrosia {unknown}
 C - a potion of lignification {unknown}
 D - a potion of mutation {unknown}
 O - a potion of brilliance {unknown}
 P - a potion of invisibility {unknown}
Books
 B - a book of Minor Magic

   Spells                             Type                      Level
   a - Magic Dart                     Conjuration                  1
   b - Blink                          Translocation                2
   c - Call Imp                       Summoning                    2
   d - Slow                           Hexes                        2
   e - Conjure Flame                  Conjuration/Fire             3
   f - Mephitic Cloud                 Conjuration/Poison/Air       3
Comestibles
 f - 6 bread rations
 k - 9 fruits
 w - 3 meat rations


   Skills:
 - Level 3.6 Fighting
 + Level 14.6 Axes
 - Level 3.6 Armour
 - Level 3.6 Shields


You had 8 spell levels left.
You didn't know any spells.

Dungeon Overview and Level Annotations

Branches:
Dungeon (9/15)             Temple (1/1) D:6
   Lair: D:8-11         Orc: D:9-12

Altars:
Ashenzari
Cheibriados
Dithmenos
Elyvilon
Fedhas
Gozag
Hepliaklqana
Kikubaaqudgha
Makhleb
Nemelex Xobeh
Okawaru
Qazlal
Ru
Sif Muna
Trog
Uskayaw
Vehumet
Wu Jian
Xom
Yredelemnul
Zin
The Shining One

Shops:
D:5 }   D:7 (


Innate Abilities, Weirdness & Mutations

You reflexively headbutt those who attack you in melee.
You have a pair of horns on your head.


Message History

Your headbutt misses the two-headed ogre.
The two-headed ogre is heavily wounded.
You hit the two-headed ogre but do no damage.
Your headbutt misses the two-headed ogre.
The two-headed ogre is heavily wounded.
You block the two-headed ogre's attack. The two-headed ogre barely misses you.
You hit the two-headed ogre.
You headbutt the two-headed ogre, but do no damage.
The two-headed ogre is heavily wounded.
You slice the two-headed ogre!!
The two-headed ogre is almost dead.
The two-headed ogre hits you with a giant club!!
* * * LOW HITPOINT WARNING * * *
The two-headed ogre hits you with a giant spiked club!
* * * LOW HITPOINT WARNING * * *
You barely miss the two-headed ogre.
The two-headed ogre is almost dead.
The two-headed ogre closely misses you.
The two-headed ogre hits you with a giant spiked club!
You die...

##################
..................
.......<...ยง......
##########@.......
#O....... #........
......... .((.....?
####...### (..#
...#


You could see a two-headed ogre.

Vanquished Creatures
  A hippogriff (D:8)
  A water moccasin (D:7)
  An ice beast (D:5)
  A necrophage (D:6)
  A sky beast (D:6)
  2 ogres
  A centaur (D:7)
  4 bullfrogs
  2 scorpions
  5 killer bees (D:8)
  4 wights (D:8)
  A howler monkey (D:6)
  2 crimson imps
  3 orc priests
  2 bullfrog skeletons
  A bullfrog zombie (D:6)
  A hound (D:7)
  10 orc wizards
  Terence (D:2)
  2 iguanas
  5 worker ants
  A hound skeleton (D:5)
  7 gnolls
  7 adders
  2 shadow imps
  An adder zombie (D:5)
  10 dart slugs
  5 leopard geckos
  26 orcs
  11 giant cockroaches
  7 goblins
  4 hobgoblins
  10 jackals
  2 quokkas
  4 ball pythons (D:1)
  3 bats
  6 frilled lizards
  A jackal zombie (D:7)
  2 kobolds
  A leopard gecko skeleton (D:3)
  A leopard gecko zombie (D:8)
  6 rats
168 creatures vanquished.

Notes
Turn   | Place    | Note
-------+----------+-------------------------------------------
     0 | D:1      | DogShitOnMyToe the Minotaur Fighter began the quest for the Orb.
     0 | D:1      | Reached XP level 1. HP: 19/19 MP: 0/0
    55 | D:1      | Reached skill level 3 in Axes
    97 | D:1      | Reached XP level 2. HP: 19/26 MP: 1/1
   150 | D:1      | HP: 11/26 [goblin/club (4)]
   247 | D:1      | Reached skill level 4 in Axes
   249 | D:1      | HP: 13/26 [jackal (3)]
   273 | D:1      | HP: 13/26 [ball python (1)]
   354 | D:1      | Reached XP level 3. HP: 18/31 MP: 2/2
   555 | D:2      | HP: 15/31 [poisoned by an adder]
   557 | D:2      | HP: 6/31 [poisoned by an adder]
   562 | D:2      | HP: 14/31 [poisoned by an adder]
   567 | D:2      | HP: 11/31 [poisoned by an adder]
   574 | D:2      | HP: 9/31 [poisoned by an adder]
   581 | D:2      | HP: 8/31 [poisoned by an adder]
   589 | D:2      | HP: 7/31 [poisoned by an adder]
   888 | D:2      | HP: 15/31 [poisoned by an adder]
   896 | D:2      | HP: 14/31 [poisoned by an adder]
  1104 | D:2      | Found a deep blue altar of Sif Muna.
  1176 | D:2      | Noticed Terence
  1198 | D:2      | HP: 15/31 [Terence/mace of protection (7)]
  1200 | D:2      | Killed Terence
  1200 | D:2      | Reached skill level 5 in Axes
  1200 | D:2      | Reached XP level 4. HP: 19/39 MP: 3/3
  1403 | D:2      | Found a snail-covered altar of Cheibriados.
  1610 | D:2      | Found a sacrificial altar of Ru.
  2127 | D:3      | HP: 19/39 [dart slug/slug dart (8)]
  2455 | D:3      | Reached skill level 6 in Axes
  2476 | D:3      | HP: 14/39 [orc priest/nerve-wracking pain (12)]
  2482 | D:3      | Reached XP level 5. HP: 12/45 MP: 4/4
  3000 | D:3      | Reached skill level 7 in Axes
  3106 | D:3      | Found a sparkling altar of Nemelex Xobeh.
  3372 | D:4      | Noticed an ogre
  3381 | D:4      | Killed an ogre
  3381 | D:4      | Reached XP level 6. HP: 41/51 MP: 5/5
  3401 | D:4      | Reached skill level 8 in Axes
  3408 | D:4      | HP: 19/51 [orc wizard/magic dart (9)]
  4139 | D:4      | Found a shimmering altar of Xom.
  4280 | D:5      | Entered Level 5 of the Dungeon
  4362 | D:5      | Found Dasihy's Gadget Emporium.
  4409 | D:5      | Reached skill level 9 in Axes
  4606 | D:5      | Reached XP level 7. HP: 43/57 MP: 6/6
  4803 | D:5      | Reached skill level 10 in Axes
  5170 | D:6      | Reached skill level 11 in Axes
  5218 | D:6      | Reached XP level 8. HP: 46/64 MP: 7/7
  5343 | D:6      | Identified a book of Minor Magic
  5379 | D:6      | Found a staircase to the Ecumenical Temple.
  5388 | Temple   | Entered the Ecumenical Temple
  5483 | Temple   | Became a worshipper of Qazlal Stormbringer
  5678 | D:6      | Reached skill level 12 in Axes
  6216 | D:7      | Found a shadowy altar of Dithmenos.
  6278 | D:7      | Found Gayghahi's Antique Weapon Shop.
  6290 | D:7      | Bought a pitted war axe for 195 gold pieces
  6290 | D:7      | Identified the +4 war axe of the Spinneret {antimagic, rF++ rC+ Str-5 Dex+3} (You bought it in a shop on level 7 of the Dungeon)
  6414 | D:7      | Reached skill level 13 in Axes
  6504 | D:7      | Found a glowing silver altar of Zin.
  6616 | D:8      | Found a shattered altar of Ashenzari.
  6694 | D:8      | HP: 31/63 [poisoned by a worker ant]
  6700 | D:8      | HP: 16/63 [poisoned by a worker ant]
  6707 | D:8      | HP: 13/63 [poisoned by a worker ant]
  6711 | D:8      | HP: 6/63 [wight/dire flail of freezing (1)]
  6713 | D:8      | Reached XP level 9. HP: 7/69 MP: 2/8
  6719 | D:8      | HP: 6/69 [poisoned by a worker ant]
  7310 | D:8      | Reached skill level 14 in Axes
  7470 | D:8      | Reached * piety under Qazlal
  7818 | D:9      | Noticed a two-headed ogre
  7830 | D:9      | HP: 18/69 [two-headed ogre/giant club (21)]
  7831 | D:9      | Slain by a two-headed ogre

Vault maps used:
D:1:      dpeg_arrival_rhombi, minmay_shallow_snake_nest
D:2:      lemuel_doored_altar, nicolae_overflow_crystal_walls,
          nicolae_ru_sacrificial_ziggurat, kennysheep_cross_room,
          kennysheep_small_spiral, kennysheep_generic_room_5, uniq_terence
D:3:      kennysheep_slugbush, nemelex_altar_shiori, gup_sewer_entry_spiral,
          dk_noncrumbling_4, minmay_cupped
D:4:      marbit_many_paths, st_stairs_6, uniq_duvessa
D:5:      first_bread, serial_shops, nicolae_shop_crystal
D:6:      minmay_temple_entry_statues_pillars
D:7:      kennysheep_mini, zin_statuary, serial_shops,
          nicolae_shop_overgrown_old_shop, grunt_ogre_cave
D:8:      nicolae_ashenzari_panopticon
D:9:      st_stairs_8
Temple:   zaba_magenta_temple

Skill      XL: |  1  2  3  4  5  6  7  8  9 |
---------------+----------------------------+-----
Axes           | 3 4 5 6 7 9 11 13 14 | 14.6
Fighting       | |  3.6
Armour         | |  3.6
Shields        | |  3.6

Action                   |  1- 3 |  4- 6 |  7- 9 || total
-------------------------+-------+-------+-------++-------
Melee: War axe           |    98 |   158 |   215 ||   471
       Headbutt          |    11 |    19 |    43 ||    73
Throw: Stone             |     2 |       |       ||     2
       Tomahawk          |       |       |    17 ||    17
  Use: Potion            |     2 |       |     1 ||     3
  Eat: Chunk             |       |     9 |     7 ||    16
       Royal jelly       |       |     1 |       ||     1
       Meat ration       |       |       |     1 ||     1
Armor: Scale mail        |    36 |    58 |    60 ||   154
Dodge: Dodged            |    29 |    44 |    78 ||   151
Block: Shield            |    54 |    83 |       ||   137
       Buckler           |       |     2 |    49 ||    51

Table legend:
 A = Spawn XP
 B = Non-spawn XP
 C = Spawn XP percentage of total XP
 D = Spawn monster count
 E = Non-spawn monster count
 F = Spawn count percentage of total count
 G = Total turns spent on level
                    A         B        C        D         E        F      G
               +---------+---------+-------+---------+---------+-------+---------
         Total |       0 |    3776 |   0.0 |       0 |     168 |   0.0 |  7831
               +---------+---------+-------+---------+---------+-------+---------
           D:1 |       0 |      42 |   0.0 |       0 |      23 |   0.0 |   530
           D:2 |       0 |      80 |   0.0 |       0 |      14 |   0.0 |  1796
           D:3 |       0 |     175 |   0.0 |       0 |      35 |   0.0 |   989
           D:4 |       0 |     319 |   0.0 |       0 |      16 |   0.0 |   965
           D:5 |       0 |     485 |   0.0 |       0 |      15 |   0.0 |   736
           D:6 |       0 |     766 |   0.0 |       0 |      24 |   0.0 |   979
           D:7 |       0 |     676 |   0.0 |       0 |      17 |   0.0 |   502
           D:8 |       0 |    1233 |   0.0 |       0 |      24 |   0.0 |  1205
               +---------+---------+-------+---------+---------+-------+---------
